 Dungeon Crawl Stone Soup version 0.16.1-51-g6203257 (webtiles) character file.

102 Jb9000 the Skirmisher (level 4, -1/29 HPs)
             Began as a Gargoyle Fighter on July 3, 2015.
             Was an Initiate of Makhleb.
             Slain by Jb9000's ghost (5 damage)
             ... on level 3 of the Dungeon.
             The game lasted 00:10:23 (1857 turns).

Jb9000 the Skirmisher (Gargoyle Fighter)            Turns: 1857, Time: 00:10:23

Health: -1/29      AC: 10    Str: 24    XL:     4   Next: 78%
Magic:  4/4        EV:  7    Int:  9    God:    Makhleb [......]
Gold:   50         SH: 10    Dex: 10    Spells: 0 memorised, 3 levels left

rFire  . . .     SeeInvis .     h - +3 short sword (speed)
rCold  . . .     Clarity  .     b - +0 scale mail
rNeg   + . .     SustAb   .     c - +1 shield
rPois  ∞         Gourm    .     (no helmet)
rElec  +         Spirit   .     (no cloak)
rCorr  .         Warding  .     (no gloves)
rMut   .         Stasis   .     (no boots)
MR     .....                    (no amulet)
Stlth  ..........               (no ring)
                                (no ring)

@: mighty, not resistant to hostile enchantments, extremely unstealthy
A: negative energy resistance 1, electricity resistance, unbreathing,
petrification resistance, rot immunity, AC +3
a: Renounce Religion


You were on level 3 of the Dungeon.
You worshipped Makhleb.
Makhleb was noncommittal.
You were not hungry.

You visited 1 branch of the dungeon, and saw 3 of its levels.

You collected 50 gold pieces.

Inventory:

Hand weapons
 a - a +1 flail
 h - a +3 short sword of speed (weapon)
 i - a +0 dagger of venom
Missiles
 q - 24 poisoned needles
Armour
 b - a +0 scale mail (worn)
 c - a +1 shield (worn)
Scrolls
 g - 3 scrolls of identify
 o - a scroll of enchant weapon
 t - a scroll of random uselessness
Comestibles
 d - 3 bread rations
 f - 2 beef jerkies
 j - a meat ration
 k - 3 chunks of flesh
 r - a royal jelly


   Skills:
 + Level 3.8 Fighting
 * Level 1.3 Short Blades
 - Level 2.3 Maces & Flails
 + Level 3.8 Armour
 * Level 2.1 Stealth
 + Level 3.8 Shields


You had 3 spell levels left.
You didn't know any spells.

Dungeon Overview and Level Annotations

Branches:
Dungeon (3/15)

Altars:
Elyvilon
Kikubaaqudgha
Makhleb
Xom
Zin

Annotations:
D:3 Grinder; Jb9000's ghost, average GrFi; Sigmund


Innate Abilities, Weirdness & Mutations

You are resistant to torment.
You are immune to poison.
Your stone body is very resilient (AC +3).
You resist negative energy.
You are resistant to electric shocks.
You can survive without breathing.
You are immune to petrification.
You are immune to rotting.


Message History

Jb9000's ghost is moderately damaged.
Jb9000's ghost barely misses you.
You hit Jb9000's ghost but do no damage.
Jb9000's ghost is moderately damaged.
Sigmund hits you from afar with a scythe!
You closely miss Jb9000's ghost.
Jb9000's ghost is moderately damaged.
Jb9000's ghost completely misses you.
Sigmund mumbles some strange words.
Sigmund flickers and vanishes!
Deactivating autopickup; reactivate with Ctrl-A.
You barely miss Jb9000's ghost.
Jb9000's ghost is moderately damaged.
Jb9000's ghost screams, "Don't try to defend!
You have no chance!"
You block Jb9000's ghost's attack. Something hits you!
* * * LOW HITPOINT WARNING * * *
You puncture Jb9000's ghost!
Jb9000's ghost is severely damaged.
Jb9000's ghost hits you.
You die...

#......# ##
>.####...#... ..
.........#### #@
..#####...## ##.
........>.÷.## ..
..#####.##... #.
########.#####
?.##.##.######.....÷..#
........{W@....########
.###############


You could see Jb9000's ghost.

Vanquished Creatures
  4 adders
  3 giant geckos
  An ooze (D:3)
  2 giant cockroaches
  6 goblins
  9 hobgoblins
  3 jackals (D:1)
  9 kobolds
  A ball python (D:2)
  12 bats
  2 giant newts
  A quokka (D:2)
  7 rats
60 creatures vanquished.

Notes
Turn   | Place    | Note
--------------------------------------------------------------
     0 | D:1      | Jb9000, the Gargoyle Fighter, began the quest for the Orb.
     0 | D:1      | Reached XP level 1. HP: 14/14 MP: 1/1
    85 | D:1      | Reached XP level 2. HP: 14/19 MP: 2/2
   463 | D:1      | Reached skill level 1 in Stealth
   477 | D:1      | Reached XP level 3. HP: 18/23 MP: 3/3
  1011 | D:2      | Reached skill level 1 in Short Blades
  1101 | D:2      | Reached XP level 4. HP: 29/29 MP: 4/4
  1475 | D:2      | Found a burning altar of Makhleb.
  1475 | D:2      | Found a white marble altar of Elyvilon.
  1479 | D:2      | Became a worshipper of Makhleb the Destroyer
  1582 | D:3      | Noticed Grinder
  1587 | D:3      | Paralysed by Grinder for 3 turns
  1621 | D:3      | Found a shimmering altar of Xom.
  1621 | D:3      | Found an ancient bone altar of Kikubaaqudgha.
  1621 | D:3      | Found a glowing silver altar of Zin.
  1844 | D:3      | Noticed Sigmund
  1849 | D:3      | Noticed Jb9000's ghost (average GrFi)
  1857 | D:3      | Slain by Jb9000's ghost

Action                   |  1- 3 |  4- 6 || total
-------------------------+-------+-------++-------
Melee: Flail             |    41 |       ||    41
       Short sword       |    90 |   104 ||   194
  Use: Scroll            |       |    11 ||    11
       Potion            |       |     2 ||     2
  Eat: Chunk             |     1 |     2 ||     3
